 Dungeon Crawl Stone Soup version 0.20.0-10-g0535bb4 (webtiles) character file.

89 tilp the Firebug (level 4, 0/33 HPs)
             Began as a Draconian Fire Elementalist on June 4, 2017.
             Slain by a rat (3 damage)
             ... on level 3 of the Dungeon.
             The game lasted 00:05:50 (2119 turns).

tilp the Firebug (Draconian Fire Elementalist)      Turns: 2119, Time: 00:05:51

Health: 0/33       AC:  6    Str: 10    XL:     4   Next: 31%
Magic:  5/8        EV: 12    Int: 16    God:
Gold:   59         SH:  0    Dex: 12    Spells: 3/9 levels left

rFire    + . .     SeeInvis .   q - +0 mace
rCold    + . .     Gourm    .   (no shield)
rNeg     . . .     Faith    .   (armour unavailable)
rPois    +         Spirit   .   (helmet restricted)
rElec    +         Reflect  .   s - +0 cloak
rCorr    +         Harm     .   (no gloves)
MR       .....                  (no boots)
Stlth    ++........             (no amulet)
Regen    0.2/turn               (no ring)
MPRegen  0.2/turn               (no ring)

@: lethally poisoned (0 -> -3), resistant
A: unfitting armour, cold-blooded, AC +5
a: no special abilities


You were on level 3 of the Dungeon.
You were not hungry.

You visited 1 branch of the dungeon, and saw 3 of its levels.

You collected 59 gold pieces.

Inventory:

Hand Weapons
 q - a +0 mace (weapon)
Armour
 s - a +0 cloak (worn)
Jewellery
 j - an uncursed ring of magical power {unknown}
 n - an uncursed ring of stealth {unknown}
 t - an uncursed ring of wizardry {unknown}
Scrolls
 c - a scroll of enchant weapon {unknown}
 g - 3 scrolls of teleportation
 l - a scroll of enchant armour {unknown}
 m - 3 scrolls of identify {unknown}
 o - a scroll of magic mapping {unknown}
Potions
 d - a potion of agility {unknown}
 e - a potion of curing {unknown}
 f - a potion of resistance
 h - a potion of heal wounds {unknown}
 k - a potion of degeneration {unknown}
 r - a potion of might {unknown}
 u - a potion of lignification {unknown}
Books
 a - a book of Flames

   Spells                             Type                      Level
   a - Flame Tongue                   Conjuration/Fire             1
   b - Throw Flame                    Conjuration/Fire             2
   c - Conjure Flame                  Conjuration/Fire             3
   d - Inner Flame                    Hexes/Fire                   3
   e - Sticky Flame                   Conjuration/Fire             4
   f - Fireball                       Conjuration/Fire             5
Comestibles
 b - a bread ration
 i - 2 royal jellies
 p - 11 chunks of flesh
 v - 2 fruits


   Skills:
 + Level 0.6 Maces & Flails
 - Level 1.7 Dodging
 - Level 1.7 Stealth
 * Level 3.1 Spellcasting
 - Level 1.0 Conjurations
 + Level 4.2 Fire Magic


You had 3 spell levels left.
You knew the following spells:

 Your Spells              Type           Power        Failure   Level  Hunger
a - Flame Tongue          Conj/Fire      ##...        6%          1    None
b - Throw Flame           Conj/Fire      ##....       10%         2    ##.....
c - Conjure Flame         Conj/Fire      ##......     19%         3    ###....


Dungeon Overview and Level Annotations

Branches:
Dungeon (3/15)

Altars:
Uskayaw

Annotations:
D:3 ThereIsNoGod's ghost, amateur GrFi


Innate Abilities, Weirdness & Mutations

Your plain brown scales are hard. (AC +5)
You cannot fit into any form of body armour.
You are cold-blooded and may be slowed by cold attacks.


Message History

Casting: Flame Tongue
Confirm with . or Enter, or press ? or * to list all spells.
Aiming: Flame Tongue
Press: ? - help, Shift-Dir - straight line, f/p - adder
Aim: an adder The flame tongue hits the adder.
The adder is severely wounded.
You feel sick.
You are no longer poisoned.
The adder bites you.
* * * LOW HITPOINT WARNING * * *
The rat closely misses you. The adder bites you.
* * * LOW HITPOINT WARNING * * *
You are lethally poisoned!
The adder poisons you!
It was a potion of resistance.
You feel protected.
* * * LOW HITPOINT WARNING * * *
You feel sick. The rat bites you.
You die...

#......##.........##
..#.................
...................
..#####..#..##....#
. ##....##....#
##.#.##[...# .
###.##...# ...
#....#..####.....
#......r@S.......
#......#####.....
#..>...## ...
#.......# #
.....$.#.#
.......#..
.......##. ...... .


You could see an adder and a rat.

Vanquished Creatures
  2 adders
  2 oozes
  A dart slug (D:2)
  2 worms (D:2)
  A leopard gecko (D:1)
  9 bats
  2 giant cockroaches
  7 goblins
  8 hobgoblins
  7 kobolds
  A quokka (D:2)
  5 frilled lizards
  6 rats
53 creatures vanquished.

Notes
Turn   | Place    | Note
-------+----------+-------------------------------------------
     0 | D:1      | tilp the Draconian Fire Elementalist began the quest for the Orb.
     0 | D:1      | Reached XP level 1. HP: 14/14 MP: 3/3
   116 | D:1      | Reached XP level 2. HP: 16/20 MP: 0/5
   771 | D:1      | Learned a level 2 spell: Throw Flame
   778 | D:1      | Reached XP level 3. HP: 26/26 MP: 1/6
  1207 | D:2      | Reached skill level 4 in Fire Magic
  1220 | D:2      | Found a hide-covered altar of Uskayaw.
  1912 | D:2      | Reached XP level 4. HP: 27/33 MP: 0/8
  1924 | D:2      | Learned a level 3 spell: Conjure Flame
  2087 | D:3      | Noticed ThereIsNoGod's ghost (amateur GrFi)
  2119 | D:3      | Slain by a rat

Skill      XL: |  1  2  3  4 |
---------------+-------------+-----
Fire Magic     | 4 |  4.2
Spellcasting   | 3 |  3.1
Maces & Flails | |  0.6
Dodging        | |  1.7
Stealth        | |  1.7
Conjurations   | |  1.0

Action                   |  1- 3 |  4- 6 || total
-------------------------+-------+-------++-------
Melee: Unarmed           |     5 |       ||     5
       Mace              |    76 |    30 ||   106
       Tailslap          |     7 |     3 ||    10
 Cast: Flame Tongue      |    44 |     8 ||    52
       Throw Flame       |     4 |       ||     4
  Use: Scroll            |       |     1 ||     1
       Potion            |       |     1 ||     1
 Stab: Sleeping          |     1 |     1 ||     2
  Eat: Chunk             |     4 |     1 ||     5
Armor: Skin              |    44 |    19 ||    63
Dodge: Dodged            |   100 |    28 ||   128
